 Dungeon Crawl Stone Soup version 0.29.1-15-g9cfb28693d (webtiles) character file.

Game seed: 6337209834566280213

10 Sharkman1231 the Sneak (level 2, 13/13 HPs)
             Began as a Vine Stalker Brigand on Apr 16, 2023.
             Was a Follower of Hepliaklqana.
             Quit the game on level 1 of the Dungeon.
             The game lasted 00:00:34 (315 turns).

Sharkman1231 the Sneak (Vine Stalker Brigand)        Turns: 315, Time: 00:00:35

Health: 13/13      AC:  3    Str: 13    XL:     2   Next: 20%
Magic:  3/3        EV: 11    Int: 11    God:    Hepliaklqana [*.....]
Gold:   15         SH:  0    Dex: 15    Spells: 1/1 levels left

rFire   . . .      SeeInvis .   a - +2 dagger
rCold   . . .      Faith    .   (no shield)
rNeg    . . .      Spirit   +   b - +0 robe
rPois   .          Reflect  .   (no helmet)
rElec   .          Harm     .   c - +0 cloak
rCorr   .          Rampage  .   (no gloves)
Will    .....                   (no boots)
Stlth   +++.......              (no amulet)
HPRegen 0.04/turn               (no ring)
MPRegen 0.08/turn               (no ring)

@: no status effects
A: reduced essence, fangs 2, magic shield, antimagic bite, no potion heal 2
a: Renounce Religion, Recall Ancestor, Ancestor Identity


You were on level 1 of the Dungeon.
You worshipped Hepliaklqana.
Hepliaklqana was aware of your devotion.
You visited 1 branch of the dungeon, and saw 1 of its levels.

You collected 15 gold pieces.

Inventory:

Hand Weapons
 a - a +2 dagger (weapon)
Missiles
 d - 9 poisoned darts (quivered)
 e - 3 curare-tipped darts
Armour
 b - a +0 robe (worn)
 c - a +0 cloak (worn)
Potions
 f - a potion of lignification {unknown}
 g - a potion of might {unknown}


   Skills:
 + Level 1.9 Fighting
 + Level 1.8 Short Blades
 - Level 1.7 Throwing
 - Level 0.7 Dodging
 + Level 5.4 Stealth


You had one spell level left.
You didn't know any spells.
Your spell library was empty.

Dungeon Overview and Level Annotations

Branches:
Dungeon (1/15)

Altars:
Hepliaklqana


Innate Abilities, Weirdness & Mutations

Your life essence is reduced to manifest your ancestor. (-10% HP)
You have extremely sharp teeth.
When hurt, damage is shared between your health and your magic reserves.
Your bite disrupts and absorbs the magic of your enemies.
Potions cannot restore your health.


Message History

You kill the ball python!
No target in view!
Magic restored.
You swap places.
g - a fizzy black potion A bat comes into view.
You see here 15 gold pieces.
A bat is nearby!
You now have 15 gold pieces.
A kobold comes into view. It is wielding a +0 short sword.
The kobold shouts!
The bat barely misses you.
You hit the bat. You bite the bat.
You kill the bat!
Found 8 stones.
An endoplasm comes into view.
The kobold closely misses you.
The endoplasm quivers.
You hit the kobold.
The kobold is moderately wounded.
The kobold closely misses you.
You hit the kobold. Your bite misses the kobold.
The kobold is severely wounded.
The kobold hits you with a +0 short sword.
You barely miss the kobold.
The kobold is severely wounded.
The kobold hits you with a +0 short sword.
You hit the kobold but do no damage. You bite the kobold.
You kill the kobold!
You hit the endoplasm. You bite the endoplasm.
You kill the endoplasm!
No target in view!
Things that are here:
a +0 short sword; a kobold corpse No target in view!
You see here a +2 hat.
A gnoll comes into view. It is wielding a +0 flail.
Found a scroll labelled TOPNIVIOVVY.
A gnoll is nearby!
Are you sure you want to abandon this character and quit the game? (Confirm with "yes".)

### #.. #.# #.# #.#
###.##########
#[....#.?....g
##.#.#R#.......
#......@.......
#..#.#.........#.#..#
#..#.#...............
#...................
#.##.#...##.........
#! #.R......#
###.....####.
#......#.#####.......
..
####.###.......#.#.#
~≈
#.#.............###≈≈


You could see the friendly Caesarion the ancestor and a gnoll (asleep).

Vanquished Creatures
  2 endoplasms (D:1)
  4 jackals (D:1)
  A ball python (D:1)
  A bat (D:1)
  A kobold (D:1)
9 creatures vanquished.

Notes
Turn   | Place    | Note
-------+----------+-------------------------------------------
     0 | D:1      | Sharkman1231 the Vine Stalker Brigand began the quest for
                  | the Orb.
     0 | D:1      | Reached XP level 1. HP: 11/11 MP: 2/2
    57 | D:1      | Reached skill level 5 in Stealth
   116 | D:1      | Found a faded altar of an unknown god.
   120 | D:1      | Prayed at the altar of an unknown god.
   120 | D:1      | Became a worshipper of Hepliaklqana the Forgotten
   120 | D:1      | Reached * piety under Hepliaklqana
   165 | D:1      | Reached XP level 2. HP: 13/13 MP: 3/3
   315 | D:1      | Quit the game

Illustrated notes

Levels and vault maps discovered:
D:1:      psy_arrival_whirlpool, layout_loops_cross,
          nicolae_ecumenical_lake_church

Skill      XL: |  1 |
---------------+----+-----
Stealth        | 5 |  5.4
Fighting       | |  1.9
Short Blades   | |  1.8
Throwing       | |  1.7
Dodging        | |  0.7

Action                   || total
-------------------------++-------
Melee: Dagger            ||    22
       Bite              ||     8
 Stab: Sleeping          ||     1
Armor: Robe              ||     5
Dodge: Dodged            ||    17
